 Dungeon Crawl Stone Soup version 0.25.1-2-g60ff931df9 (webtiles) character file.

Game seed: 5189528121066224210

716 raphialitos the Shield-Bearer (level 8, 0/62 HPs)
             Began as a Formicid Fighter on Oct 20, 2020.
             Was a Follower of Okawaru.
             Slain by Duvessa
             ... wielding a +2 short sword of draining
              (1 damage)
             ... on level 5 of the Dungeon.
             The game lasted 00:10:22 (4338 turns).

raphialitos the Shield-Bearer (Formicid Fighter)    Turns: 4338, Time: 00:10:24

Health: 0/62       AC: 11    Str: 22    XL:     8   Next: 1%
Magic:  0/17       EV:  3    Int:  9    God:    Okawaru [*.....]
Gold:   215        SH:  7    Dex: 10    Spells: 6/7 levels left

rFire    . . .     SeeInvis +   a - +1 war axe
rCold    . . .     Gourm    .   c - +0 kite shield
rNeg     . . .     Faith    .   o - +0 plate armour
rPois    .         Spirit   +   (helmet unavailable)
rElec    .         Reflect  .   (no cloak)
rCorr    .         Harm     .   (no gloves)
MR       .....                  m - +0 pair of boots
Stlth    ..........             p - amulet of guardian spirit
HPRegen  0.20/turn              t - ring of magical power
MPRegen  0.15/turn              r - ring of stealth

@: extremely drained
A: permanent stasis, dig shafts and tunnels, four strong arms, antennae 3
a: Dig, Shaft Self, Heroism, Renounce Religion


You were on level 5 of the Dungeon.
You worshipped Okawaru.
Okawaru was aware of your devotion.
You were not hungry.

You visited 1 branch of the dungeon, and saw 5 of its levels.

You collected 215 gold pieces.

Inventory:

Hand Weapons
 a - a +1 war axe (weapon)
Missiles
 g - 2 javelins
 h - 31 poisoned darts (quivered)
 n - 25 bolts
 v - 48 arrows
 y - 25 sling bullets
Armour
 b - a +0 scale mail
 c - a +0 kite shield (worn)
 m - a +0 pair of boots (worn)
 o - a +0 plate armour (worn)
Jewellery
 p - an amulet of guardian spirit (around neck)
 r - a ring of stealth (right hand)
 s - an uncursed ring of fire
 t - a ring of magical power (left hand)
Scrolls
 i - 2 scrolls of remove curse
 j - 2 scrolls of identify
 z - a scroll of amnesia
Potions
 d - a potion of lignification
 e - a potion of flight
 l - a potion of magic
 q - 2 potions of curing
 w - a potion of ambrosia
Comestibles
 f - 10 rations


   Skills:
 + Level 5.0(0.0) Fighting
 + Level 5.4(0.0) Axes
 + Level 4.4(0.0) Armour
 + Level 1.1(0.0) Dodging
 + Level 6.2(0.0) Shields
 + Level 0.4(0.0) Spellcasting
 + Level 0.4(0.0) Hexes


You had 6 spell levels left.
You knew the following spells:

 Your Spells              Type           Power        Failure   Level  Hunger
a - Corona                Hex            #......      100%        1    ##.....

Your spell library contained the following spells:

 Spells                   Type           Power        Failure   Level  Hunger
 Slow                     Hex            #.......     100%        2    ###....
 Confusing Touch          Hex            #.......     100%        3    ####...
 Gell's Gravitas          Tloc           #.........   100%        3    ####...
 Inner Flame              Hex/Fire       #.......     100%        3    ####...
 Portal Projectile        Hex/Tloc       #.....       100%        3    ####...
 Cause Fear               Hex            #.........   100%        4    #####..
 Leda's Liquefaction      Hex/Erth       #.........   100%        4    #####..
 Petrify                  Tmut/Erth      #.......     100%        4    #####..
 Metabolic Englaciation   Hex/Ice        #.........   100%        5    ######.
 Yara's Violent Unravell  Hex/Tmut       #.........   100%        5    ######.


Dungeon Overview and Level Annotations

Branches:
Dungeon (5/15)
 Temple: D:4-7

Altars:
Cheibriados
Elyvilon
Kikubaaqudgha
Makhleb
Okawaru
Trog

Annotations:
D:5 Duvessa


Innate Abilities, Weirdness & Mutations

You cannot be hasted, slowed, berserked, paralysed or teleported.
You can dig through walls and to a lower floor.
Your four strong arms can wield two-handed weapons with a shield.
You have a pair of large antennae on your head. (SInv)


Message History

* * * LOW HITPOINT WARNING * * *
You feel drained.
* * * LOW HITPOINT WARNING * * *
Your plate armour prevents you from hitting Duvessa.
Duvessa is almost dead.
Duvessa hits you with a +2 short sword of draining.
* * * LOW HITPOINT WARNING * * *
You feel drained.
* * * LOW HITPOINT WARNING * * *
Duvessa hits you but does no damage.
You feel drained.
Duvessa hits you with a +2 short sword of draining.
* * * LOW HITPOINT WARNING * * *
You feel drained.
You feel better.
Duvessa is no longer berserk.
Duvessa hits you with a +2 short sword of draining!
* * * LOW HITPOINT WARNING * * *
You feel drained.
* * * LOW HITPOINT WARNING * * *
Duvessa hits you with a +2 short sword of draining.
You die...

####.#####.##.##.##
#.# #.##.##.####
#.# #...........
#.# ####..##### #.#
#..# #.# #..# #.#
##..# #.)e# #.#@#
#............
..........#####
##.##....## #.
#.#^## # #.### #.
#.


You could see Duvessa (slow).

Vanquished Creatures
  Eustachio (D:4)
  An ogre (D:4)
  Dowan (D:5)
  A jelly (D:5)
  2 orc priests
  A bullfrog skeleton (D:4)
  Natasha (thrice) (D:3)
  2 orc wizards
  2 worker ants (D:4)
  3 adders
  2 shadow imps (D:5)
  An adder skeleton (D:4)
  A worm (D:2)
  2 dart slugs
  2 leopard geckos
  19 orcs
  3 giant cockroaches (D:1)
  4 goblins
  6 hobgoblins
  2 jackals (D:2)
  2 ball pythons (D:3)
  6 bats
  5 frilled lizards
  8 kobolds
  A leopard gecko skeleton (D:4)
  A quokka skeleton (D:4)
  3 rats
85 creatures vanquished.

Notes
Turn   | Place    | Note
-------+----------+-------------------------------------------
     0 | D:1      | raphialitos the Formicid Fighter began the quest for the
                  | Orb.
     0 | D:1      | Reached XP level 1. HP: 18/18 MP: 1/1
   280 | D:1      | Reached XP level 2. HP: 21/24 MP: 2/2
   758 | D:1      | Reached XP level 3. HP: 30/30 MP: 3/3
   975 | D:2      | Reached skill level 4 in Shields
  1009 | D:2      | Reached skill level 1 in Dodging
  1009 | D:2      | Reached XP level 4. HP: 21/37 MP: 4/4
  1175 | D:2      | Found an iron altar of Okawaru.
  1211 | D:2      | Learned a level 1 spell: Corona
  1421 | D:2      | Found a burning altar of Makhleb.
  1430 | D:2      | Found a bloodstained altar of Trog.
  1430 | D:2      | Found a snail-covered altar of Cheibriados.
  1433 | D:2      | Found a white marble altar of Elyvilon.
  1537 | D:2      | Became a worshipper of Warmaster Okawaru
  1765 | D:3      | Reached XP level 5. HP: 29/42 MP: 5/5
  1769 | D:3      | Noticed Natasha
  1780 | D:3      | Killed Natasha
  1815 | D:3      | Noticed Natasha
  1824 | D:3      | Killed Natasha
  1964 | D:3      | Noticed Natasha
  1975 | D:3      | Killed Natasha
  2027 | D:3      | Reached skill level 5 in Shields
  2027 | D:3      | Reached XP level 6. HP: 30/48 MP: 6/6
  3108 | D:4      | Noticed an ogre
  3119 | D:4      | Killed an ogre
  3119 | D:4      | Reached * piety under Okawaru
  3119 | D:4      | Reached XP level 7. HP: 16/55 MP: 4/7
  3411 | D:4      | Found an ancient bone altar of Kikubaaqudgha.
  3480 | D:4      | Noticed Eustachio
  3527 | D:4      | Killed Eustachio
  3527 | D:4      | Reached skill level 6 in Shields
  4212 | D:5      | Entered Level 5 of the Dungeon
  4283 | D:5      | Reached skill level 5 in Fighting
  4305 | D:5      | Noticed Dowan
  4307 | D:5      | Noticed Duvessa
  4323 | D:5      | Killed Dowan
  4323 | D:5      | Reached skill level 5 in Axes
  4326 | D:5      | Reached XP level 8. HP: 25/62 MP: 8/8
  4337 | D:5      | HP: 3/62 [Duvessa/+2 short sword of draining (1)]
  4338 | D:5      | HP: 1/62 [Duvessa/+2 short sword of draining (2)]
  4338 | D:5      | Slain by Duvessa

Illustrated notes

Levels and vault maps discovered:
D:1:      elethiomel_arrival_fortress_basement, layout_basic
D:2:      layout_rooms, lemuel_doored_altar, grunt_temple_overflow_open
D:3:      layout_rooms, uniq_natasha
D:4:      layout_loops_corners, kennysheep_mini_moat, grunt_ministairs_2,
          uniq_eustachio
D:5:      layout_loops_ring, first_ration, uniq_duvessa

Skill      XL: |  1  2  3  4  5  6  7 |
---------------+----------------------+-----
Fighting       | 4 5 |  5.0
Shields        | 4 5 6 |  6.2
Dodging        | 1 |  1.1
Axes           | 3 4 5 |  5.4
Armour         | 4 |  4.4
Spellcasting   | |  0.4
Hexes          | |  0.4

Action                   |  1- 3 |  4- 6 |  7- 9 || total
-------------------------+-------+-------+-------++-------
Melee: War axe           |    92 |   155 |    98 ||   345
  Use: Scroll            |       |    10 |     2 ||    12
       Potion            |       |       |     3 ||     3
  Eat: Chunk             |       |     8 |     1 ||     9
       Ration            |       |       |     1 ||     1
Armor: Scale mail        |    71 |       |       ||    71
       Plate armour      |       |   116 |   140 ||   256
Dodge: Dodged            |    48 |    36 |    51 ||   135
Block: Kite shield       |    80 |    90 |   101 ||   271
